2558 views
Uploaded 2022-05-05 00:52:52
Game version 1.32.10
33:02 long 4on4 ladder game on (8)NerubianPassage
Saved by GIGA
2558 views
Uploaded 2022-05-05 00:52:52
Game version 1.32.10
33:02 long 4on4 ladder game on (8)NerubianPassage


132 units @ 12.5k
/ 1.5k
285 buildings @ 17.3k
/ 9.8k
Cabeelibob
(194)
(32:45) : 

| Peasant | 17 | 1275 | / | 0 |
| Sorceress | 2 | 310 | / | 40 |
| Dragonhawk Rider | 5 | 1000 | / | 150 |
| total: | 24 | 2585g | / | 190w |
| Scout Tower | 45 | 1350 | / | 900 |
| Guard Tower | 21 | 1470 | / | 1050 |
| Arcane Tower | 11 | 770 | / | 550 |
| Altar of Kings | 1 | 180 | / | 50 |
| Farm | 5 | 400 | / | 100 |
| Lumber Mill | 1 | 120 | / | 0 |
| Blacksmith | 2 | 280 | / | 120 |
| Arcane Vault | 1 | 130 | / | 30 |
| Barracks | 1 | 160 | / | 60 |
| Cannon Tower | 3 | 360 | / | 300 |
| Gryphon Aviary | 1 | 140 | / | 150 |
| Workshop | 1 | 140 | / | 140 |
| Arcane Sanctum | 1 | 150 | / | 140 |
| Keep | 1 | 320 | / | 210 |
| Castle | 1 | 360 | / | 210 |
| total: | 59 | 3050g | / | 1690w |
| 0:06 | Altar of Kings |
| 0:12 | Farm |
| 0:13 | Peasant |
| 0:18 | Peasant |
| 0:30 | Peasant |
| 0:38 | Peasant |
| 0:56 | Lumber Mill |
| 0:59 | Peasant |
| 1:04 | Farm |
| 1:22 | Peasant |
| 1:31 | Peasant |
| 1:52 | Farm |
| 1:55 | Peasant |
| 1:59 | Improved Masonry |
| 2:09 | Scout Tower |
| 2:14 | Storm Bolt |
| 2:19 | Peasant |
| 2:19 | Peasant |
| 2:37 | Peasant |
| 2:58 | Guard Tower |
| 3:02 | Scout Tower |
| 3:18 | Scout Tower |
| 3:19 | Scout Tower |
| 3:20 | Scout Tower |
| 3:26 | Improved Lumber Harvesting |
| 3:28 | Peasant |
| 3:28 | Peasant |
| 3:28 | Peasant |
| 3:51 | Scout Tower |
| 3:51 | Scout Tower |
| 3:53 | Scout Tower |
| 3:57 | Arcane Tower |
| 4:03 | Guard Tower |
| 4:04 | Guard Tower |
| 4:05 | Guard Tower |
| 4:12 | Peasant |
| 4:12 | Peasant |
| 4:25 | Arcane Tower |
| 4:25 | Arcane Tower |
| 4:29 | Scout Tower |
| 4:30 | Scout Tower |
| 4:31 | Scout Tower |
| 4:38 | Peasant |
| 4:58 | Arcane Tower |
| 5:01 | Guard Tower |
| 5:03 | Scout Tower |
| 5:04 | Scout Tower |
| 5:05 | Scout Tower |
| 5:07 | Scout Tower |
| 5:09 | Arcane Tower |
| 5:19 | Keep |
| 5:33 | Guard Tower |
| 5:36 | Guard Tower |
| 5:36 | Guard Tower |
| 5:39 | Scout Tower |
| 5:39 | Scout Tower |
| 6:00 | Scout Tower |
| 6:01 | Scout Tower |
| 6:01 | Scout Tower |
| 6:03 | Arcane Tower |
| 6:09 | Guard Tower |
| 6:17 | Guard Tower |
| 6:29 | Arcane Tower |
| 6:32 | Scout Tower |
| 6:37 | Arcane Tower |
| 6:40 | Scout Tower |
| 6:46 | Scout Tower |
| 7:12 | Guard Tower |
| 7:13 | Scout Tower |
| 7:14 | Scout Tower |
| 7:15 | Scout Tower |
| 7:36 | Scout Tower |
| 7:37 | Scout Tower |
| 7:43 | Guard Tower |
| 7:46 | Scout Tower |
| 8:01 | Castle |
| 8:11 | Guard Tower |
| 8:15 | Arcane Tower |
| 8:41 | Blacksmith |
| 8:46 | Blacksmith |
| 9:02 | Gryphon Aviary |
| 9:08 | Advanced Masonry |
| 9:16 | Scout Tower |
| 9:16 | Scout Tower |
| 9:19 | Scout Tower |
| 9:21 | Scout Tower |
| 9:53 | Guard Tower |
| 10:00 | Holy Light |
| 10:19 | Scout Tower |
| 10:25 | Guard Tower |
| 10:33 | Imbued Masonry |
| 10:49 | Workshop |
| 10:54 | Guard Tower |
| 11:22 | Studded Leather Armor |
| 11:54 | Cannon Tower |
| 11:55 | Cannon Tower |
| 12:01 | Scout Tower |
| 12:01 | Scout Tower |
| 12:02 | Scout Tower |
| 12:06 | Scout Tower |
| 12:07 | Scout Tower |
| 12:08 | Scout Tower |
| 12:49 | Scout Tower |
| 12:51 | Guard Tower |
| 13:03 | Guard Tower |
| 13:08 | Fragmentation Shards |
| 13:22 | Arcane Vault |
| 13:41 | Guard Tower |
| 13:50 | Scout Tower |
| 13:54 | Scout Tower |
| 14:07 | Guard Tower |
| 14:16 | Arcane Sanctum |
| 14:25 | Cloud |
| 14:32 | Arcane Tower |
| 14:45 | Scout Tower |
| 14:46 | Scout Tower |
| 15:08 | Sorceress Adept Training |
| 15:45 | Sorceress |
| 15:46 | Sorceress |
| 15:55 | Farm |
| 15:55 | Farm |
| 17:06 | Dragonhawk Rider |
| 17:06 | Dragonhawk Rider |
| 17:06 | Dragonhawk Rider |
| 18:02 | Reinforced Leather Armor |
| 19:04 | Magic Sentry |
| 20:37 | Dragonhawk Rider |
| 20:38 | Dragonhawk Rider |
| 21:53 | Dragonhide Armor |
| 23:51 | Barracks |
| 23:54 | Guard Tower |
| 25:28 | Animal War Training |
| Right click | 778 |
| Select group | 578 |
| Select | 354 |
| Build/train/purchase | 91 |
| Assign group | 21 |
| Use ability | 17 |
| Chat | 15 |
| Resource trade | 14 |
| Misc. action | 5 |
| Esc | 3 |
| Minimap ping | 3 |
| Remove unit | 2 |


| Peasant | 14 | 1050 | / | 0 |
| Flying Machine | 28 | 2800 | / | 840 |
| Mortar Team | 2 | 360 | / | 140 |
| total: | 44 | 4210g | / | 980w |
| Scout Tower | 28 | 840 | / | 560 |
| Guard Tower | 11 | 770 | / | 550 |
| Arcane Tower | 4 | 280 | / | 200 |
| Altar of Kings | 1 | 180 | / | 50 |
| Farm | 11 | 880 | / | 220 |
| Lumber Mill | 2 | 240 | / | 0 |
| Blacksmith | 1 | 140 | / | 60 |
| Workshop | 3 | 420 | / | 420 |
| Keep | 1 | 320 | / | 210 |
| Castle | 1 | 360 | / | 210 |
| total: | 46 | 2700g | / | 1310w |
| 0:02 | Peasant |
| 0:06 | Peasant |
| 0:14 | Peasant |
| 0:19 | Altar of Kings |
| 0:20 | Peasant |
| 0:33 | Farm |
| 0:35 | Peasant |
| 0:49 | Lumber Mill |
| 0:50 | Peasant |
| 0:54 | Peasant |
| 1:03 | Farm |
| 1:26 | Peasant |
| 1:37 | Peasant |
| 1:39 | Scout Tower |
| 1:42 | Scout Tower |
| 1:43 | Scout Tower |
| 1:45 | Peasant |
| 1:49 | Peasant |
| 1:50 | Scout Tower |
| 1:52 | Improved Lumber Harvesting |
| 2:12 | Guard Tower |
| 2:18 | Guard Tower |
| 2:26 | Peasant |
| 2:45 | Peasant |
| 2:48 | Scout Tower |
| 2:51 | Peasant |
| 3:01 | Improved Masonry |
| 3:06 | Storm Bolt |
| 3:16 | Guard Tower |
| 3:34 | Keep |
| 3:56 | Scout Tower |
| 3:57 | Scout Tower |
| 3:58 | Scout Tower |
| 3:58 | Scout Tower |
| 5:00 | Guard Tower |
| 5:29 | Scout Tower |
| 5:30 | Scout Tower |
| 5:31 | Scout Tower |
| 5:31 | Scout Tower |
| 5:32 | Scout Tower |
| 5:33 | Scout Tower |
| 5:36 | Guard Tower |
| 5:58 | Castle |
| 6:22 | Bash |
| 6:33 | Farm |
| 6:35 | Farm |
| 6:45 | Guard Tower |
| 6:48 | Guard Tower |
| 6:51 | Scout Tower |
| 6:52 | Scout Tower |
| 6:52 | Scout Tower |
| 6:53 | Scout Tower |
| 6:54 | Scout Tower |
| 6:55 | Guard Tower |
| 7:37 | Guard Tower |
| 7:41 | Advanced Lumber Harvesting |
| 7:41 | Advanced Masonry |
| 8:12 | Guard Tower |
| 8:31 | Blacksmith |
| 9:19 | Holy Light |
| 9:25 | Workshop |
| 9:28 | Workshop |
| 9:30 | Workshop |
| 9:42 | Lumber Mill |
| 9:55 | Scout Tower |
| 9:56 | Scout Tower |
| 9:57 | Scout Tower |
| 9:58 | Scout Tower |
| 9:59 | Scout Tower |
| 10:01 | Black Gunpowder |
| 10:02 | Iron Plating |
| 10:48 | Flying Machine Bombs |
| 10:48 | Flak Cannons |
| 10:49 | Flare |
| 10:49 | Fragmentation Shards |
| 10:57 | Farm |
| 10:58 | Farm |
| 10:58 | Farm |
| 10:59 | Farm |
| 11:01 | Farm |
| 11:02 | Farm |
| 11:03 | Farm |
| 11:08 | Bash |
| 11:17 | Arcane Tower |
| 11:21 | Arcane Tower |
| 11:50 | Refined Gunpowder |
| 12:11 | Flying Machine |
| 12:12 | Flying Machine |
| 12:12 | Flying Machine |
| 12:12 | Flying Machine |
| 12:12 | Flying Machine |
| 12:12 | Flying Machine |
| 12:13 | Flying Machine |
| 12:13 | Flying Machine |
| 12:30 | Arcane Tower |
| 12:33 | Scout Tower |
| 12:33 | Scout Tower |
| 12:34 | Scout Tower |
| 12:41 | Imbued Masonry |
| 13:39 | Divine Shield |
| 13:45 | Arcane Tower |
| 14:05 | Mortar Team |
| 15:20 | Flying Machine |
| 15:20 | Flying Machine |
| 15:20 | Flying Machine |
| 15:21 | Flying Machine |
| 15:21 | Flying Machine |
| 15:21 | Flying Machine |
| 15:21 | Flying Machine |
| 15:21 | Flying Machine |
| 15:21 | Flying Machine |
| 15:29 | Imbued Gunpowder |
| 15:30 | Steel Plating |
| 16:33 | Flying Machine |
| 16:34 | Flying Machine |
| 17:18 | Storm Bolt |
| 17:20 | Divine Shield |
| 18:55 | Mortar Team |
| 22:15 | Flying Machine |
| 22:15 | Flying Machine |
| 22:16 | Flying Machine |
| 22:16 | Flying Machine |
| 22:16 | Flying Machine |
| 22:16 | Flying Machine |
| 22:17 | Flying Machine |
| 22:17 | Flying Machine |
| 22:17 | Flying Machine |
| 28:48 | Mithril Plating |
| 28:59 | Bash |
| 29:01 | Holy Light |
| Right click | 1422 |
| Select group | 528 |
| Select | 279 |
| Build/train/purchase | 107 |
| Misc. action | 73 |
| Use ability | 61 |
| Assign group | 26 |
| Minimap ping | 12 |
| Remove unit | 2 |

| Healing Salve | 3 | 300 |
| Lesser Clarity Potion | 1 | 70 |
| Scroll of Speed | 1 | 50 |
| Orb of Lightning | 1 | 375 |
| Tiny Great Hall | 2 | 1200 |
| Potion of Healing | 1 | 150 |
| Staff of Teleportation | 1 | 150 |
| Boots of Speed | 1 | 250 |
| Runed Bracers | 1 | 400 |
| Boots of Quel'Thalas +6 | 1 | 400 |
| Sobi Mask | 1 | 400 |
| total: | 14 | 3745g |
| Peon | 29 | 2175 | / | 0 |
| Troll Witch Doctor | 4 | 580 | / | 100 |
| total: | 33 | 2755g | / | 100w |
| Watch Tower | 43 | 4730 | / | 3440 |
| Altar of Storms | 1 | 180 | / | 50 |
| Orc Burrow | 2 | 320 | / | 80 |
| Voodoo Lounge | 1 | 130 | / | 30 |
| War Mill | 1 | 205 | / | 0 |
| Spirit Lodge | 2 | 300 | / | 300 |
| Beastiary | 1 | 145 | / | 140 |
| Stronghold | 1 | 315 | / | 190 |
| Fortress | 1 | 325 | / | 190 |
| total: | 51 | 6010g | / | 4040w |
| 0:04 | Peon |
| 0:04 | Peon |
| 0:08 | Altar of Storms |
| 0:16 | Orc Burrow |
| 0:19 | Peon |
| 0:26 | Peon |
| 0:57 | Voodoo Lounge |
| 0:59 | Peon |
| 1:05 | Peon |
| 1:13 | War Mill |
| 1:17 | Peon |
| 1:45 | Peon |
| 1:45 | Peon |
| 1:45 | Peon |
| 1:45 | Peon |
| 1:56 | Orc Burrow |
| 2:05 | Peon |
| 2:19 | Wind Walk |
| 2:31 | Peon |
| 2:37 | Watch Tower |
| 2:40 | Watch Tower |
| 2:45 | Peon |
| 3:14 | Peon |
| 3:14 | Peon |
| 3:18 | Watch Tower |
| 3:21 | Watch Tower |
| 3:23 | Healing Salve |
| 3:43 | Watch Tower |
| 3:47 | Watch Tower |
| 3:50 | Watch Tower |
| 4:41 | Stronghold |
| 4:47 | Watch Tower |
| 4:48 | Watch Tower |
| 4:53 | Watch Tower |
| 5:10 | Critical Strike |
| 5:19 | Spiked Barricades |
| 5:34 | Healing Salve |
| 5:35 | Lesser Clarity Potion |
| 5:35 | Scroll of Speed |
| 5:58 | Watch Tower |
| 5:58 | Watch Tower |
| 7:33 | Fortress |
| 7:35 | Reinforced Defenses |
| 7:42 | Watch Tower |
| 7:43 | Watch Tower |
| 7:46 | Watch Tower |
| 8:28 | Staff of Teleportation |
| 9:06 | Spirit Lodge |
| 9:09 | Beastiary |
| 10:47 | War Drums Damage Increase |
| 10:51 | Spirit Lodge |
| 11:00 | Orb of Lightning |
| 11:00 | Tiny Great Hall |
| 12:46 | Peon |
| 12:46 | Peon |
| 12:46 | Peon |
| 12:46 | Peon |
| 12:46 | Peon |
| 12:57 | Runed Bracers |
| 13:14 | Boots of Quel'Thalas +6 |
| 13:59 | Boots of Speed |
| 14:09 | Watch Tower |
| 14:10 | Watch Tower |
| 14:12 | Watch Tower |
| 14:22 | Potion of Healing |
| 14:24 | Healing Salve |
| 15:28 | Watch Tower |
| 15:29 | Watch Tower |
| 15:29 | Watch Tower |
| 15:47 | Wind Walk |
| 17:42 | Watch Tower |
| 17:43 | Watch Tower |
| 17:44 | Watch Tower |
| 17:54 | Witch Doctor Adept Training |
| 18:37 | Critical Strike |
| 19:46 | Witch Doctor Master Training |
| 19:46 | Troll Witch Doctor |
| 19:47 | Troll Witch Doctor |
| 19:47 | Troll Witch Doctor |
| 19:48 | Troll Witch Doctor |
| 20:35 | Watch Tower |
| 20:36 | Watch Tower |
| 20:37 | Watch Tower |
| 20:38 | Watch Tower |
| 20:40 | Watch Tower |
| 20:51 | Tiny Great Hall |
| 21:43 | Peon |
| 21:43 | Peon |
| 21:43 | Peon |
| 21:44 | Peon |
| 21:44 | Peon |
| 21:45 | Peon |
| 22:10 | Peon |
| 22:11 | Peon |
| 23:52 | Watch Tower |
| 23:53 | Watch Tower |
| 23:53 | Watch Tower |
| 23:54 | Watch Tower |
| 23:55 | Watch Tower |
| 24:37 | Critical Strike |
| 24:50 | Sobi Mask |
| 27:56 | Watch Tower |
| 27:57 | Watch Tower |
| 27:58 | Watch Tower |
| 27:59 | Watch Tower |
| 28:00 | Watch Tower |
| 30:42 | Watch Tower |
| 30:47 | Watch Tower |
| 30:48 | Watch Tower |
| 30:50 | Watch Tower |
| 30:52 | Bladestorm |
| Right click | 1908 |
| Select | 266 |
| Build/train/purchase | 108 |
| Select group | 40 |
| Use ability | 37 |
| Chat | 25 |
| Minimap ping | 23 |
| Resource trade | 18 |
| Misc. action | 9 |
| Item give/drop | 7 |
| Assign group | 3 |
| Esc | 2 |
uhhwats
(11)
(32:46) : 


| Peasant | 29 | 2175 | / | 0 |
| Goblin Shredder | 2 | 750 | / | 200 |
| total: | 31 | 2925g | / | 200w |
| Scout Tower | 109 | 3270 | / | 2180 |
| Arcane Tower | 1 | 70 | / | 50 |
| Guard Tower | 32 | 2240 | / | 1600 |
| Altar of Kings | 2 | 360 | / | 100 |
| Farm | 13 | 1040 | / | 260 |
| Lumber Mill | 4 | 480 | / | 0 |
| Town Hall | 1 | 385 | / | 205 |
| Keep | 1 | 320 | / | 210 |
| Castle | 1 | 360 | / | 210 |
| total: | 129 | 5535g | / | 2745w |
| 0:03 | Peasant |
| 0:04 | Peasant |
| 0:07 | Altar of Kings |
| 0:13 | Farm |
| 0:15 | Peasant |
| 0:38 | Scout Tower |
| 0:43 | Peasant |
| 0:49 | Lumber Mill |
| 0:54 | Peasant |
| 1:03 | Farm |
| 1:09 | Peasant |
| 1:17 | Arcane Tower |
| 1:35 | Peasant |
| 1:36 | Peasant |
| 1:41 | Scout Tower |
| 1:49 | Peasant |
| 2:03 | Peasant |
| 2:07 | Farm |
| 2:14 | Farm |
| 2:15 | Scout Tower |
| 2:17 | Peasant |
| 2:20 | Guard Tower |
| 2:25 | Thunder Clap |
| 2:37 | Scout Tower |
| 2:38 | Scout Tower |
| 2:45 | Scout Tower |
| 3:16 | Guard Tower |
| 3:20 | Guard Tower |
| 3:24 | Farm |
| 3:26 | Scout Tower |
| 3:28 | Guard Tower |
| 3:56 | Guard Tower |
| 4:01 | Scout Tower |
| 4:03 | Keep |
| 4:13 | Scout Tower |
| 4:15 | Farm |
| 4:33 | Guard Tower |
| 4:39 | Improved Lumber Harvesting |
| 4:40 | Improved Masonry |
| 5:10 | Goblin Shredder |
| 5:22 | Guard Tower |
| 6:26 | Castle |
| 6:33 | Scout Tower |
| 6:34 | Scout Tower |
| 6:35 | Scout Tower |
| 6:37 | Scout Tower |
| 6:57 | Scout Tower |
| 6:58 | Scout Tower |
| 7:34 | Storm Bolt |
| 7:43 | Holy Light |
| 7:46 | Advanced Masonry |
| 7:51 | Guard Tower |
| 7:54 | Scout Tower |
| 7:55 | Scout Tower |
| 7:56 | Scout Tower |
| 7:57 | Scout Tower |
| 7:59 | Scout Tower |
| 8:23 | Storm Bolt |
| 8:32 | Town Hall |
| 9:43 | Guard Tower |
| 9:52 | Imbued Masonry |
| 10:11 | Scout Tower |
| 10:12 | Scout Tower |
| 10:13 | Scout Tower |
| 10:46 | Peasant |
| 10:46 | Peasant |
| 10:46 | Peasant |
| 10:47 | Peasant |
| 10:47 | Peasant |
| 11:10 | Scout Tower |
| 11:11 | Scout Tower |
| 11:12 | Scout Tower |
| 11:16 | Scout Tower |
| 11:17 | Scout Tower |
| 11:18 | Scout Tower |
| 11:21 | Scout Tower |
| 11:21 | Scout Tower |
| 11:22 | Scout Tower |
| 11:33 | Guard Tower |
| 11:51 | Guard Tower |
| 12:22 | Guard Tower |
| 12:28 | Brilliance Aura |
| 12:30 | Guard Tower |
| 13:18 | Divine Shield |
| 13:25 | Scout Tower |
| 13:26 | Scout Tower |
| 13:28 | Scout Tower |
| 13:29 | Scout Tower |
| 13:33 | Scout Tower |
| 13:34 | Scout Tower |
| 13:35 | Scout Tower |
| 13:37 | Scout Tower |
| 14:54 | Peasant |
| 14:54 | Peasant |
| 14:55 | Peasant |
| 14:55 | Peasant |
| 14:55 | Peasant |
| 14:55 | Peasant |
| 15:33 | Guard Tower |
| 15:45 | Scout Tower |
| 15:46 | Scout Tower |
| 15:47 | Scout Tower |
| 15:49 | Scout Tower |
| 15:53 | Scout Tower |
| 15:54 | Scout Tower |
| 15:54 | Scout Tower |
| 16:22 | Guard Tower |
| 16:27 | Guard Tower |
| 16:31 | Goblin Shredder |
| 16:53 | Guard Tower |
| 17:49 | Advanced Lumber Harvesting |
| 17:51 | Peasant |
| 17:51 | Peasant |
| 17:51 | Peasant |
| 17:57 | Guard Tower |
| 19:53 | Thunder Clap |
| 20:12 | Scout Tower |
| 20:12 | Scout Tower |
| 20:13 | Scout Tower |
| 20:48 | Guard Tower |
| 20:59 | Scout Tower |
| 21:01 | Scout Tower |
| 21:18 | Scout Tower |
| 21:19 | Scout Tower |
| 21:20 | Scout Tower |
| 21:21 | Scout Tower |
| 21:23 | Scout Tower |
| 21:24 | Scout Tower |
| 21:25 | Scout Tower |
| 21:26 | Scout Tower |
| 21:27 | Scout Tower |
| 21:52 | Guard Tower |
| 22:11 | Guard Tower |
| 22:14 | Guard Tower |
| 22:17 | Scout Tower |
| 22:18 | Scout Tower |
| 22:19 | Scout Tower |
| 22:21 | Scout Tower |
| 22:22 | Scout Tower |
| 22:27 | Guard Tower |
| 23:47 | Guard Tower |
| 23:51 | Scout Tower |
| 23:55 | Scout Tower |
| 23:56 | Scout Tower |
| 23:58 | Scout Tower |
| 24:00 | Scout Tower |
| 24:01 | Scout Tower |
| 24:04 | Scout Tower |
| 24:05 | Scout Tower |
| 24:06 | Scout Tower |
| 24:08 | Scout Tower |
| 24:10 | Scout Tower |
| 24:54 | Guard Tower |
| 24:57 | Guard Tower |
| 25:14 | Lumber Mill |
| 25:38 | Lumber Mill |
| 25:55 | Guard Tower |
| 26:10 | Scout Tower |
| 26:11 | Scout Tower |
| 26:12 | Scout Tower |
| 26:14 | Scout Tower |
| 26:15 | Scout Tower |
| 26:16 | Scout Tower |
| 26:18 | Scout Tower |
| 26:18 | Scout Tower |
| 26:19 | Scout Tower |
| 26:20 | Scout Tower |
| 28:17 | Guard Tower |
| 28:21 | Farm |
| 28:21 | Farm |
| 28:22 | Farm |
| 28:24 | Farm |
| 28:30 | Lumber Mill |
| 29:14 | Farm |
| 29:15 | Farm |
| 29:16 | Farm |
| 29:22 | Scout Tower |
| 29:22 | Scout Tower |
| 29:54 | Guard Tower |
| 30:07 | Guard Tower |
| 30:16 | Altar of Kings |
| 30:28 | Peasant |
| 30:28 | Peasant |
| 30:28 | Peasant |
| 30:28 | Peasant |
| 31:21 | Scout Tower |
| 31:22 | Scout Tower |
| 31:23 | Scout Tower |
| 31:24 | Scout Tower |
| 31:25 | Scout Tower |
| 31:26 | Scout Tower |
| 31:27 | Scout Tower |
| 31:37 | Scout Tower |
| 31:38 | Scout Tower |
| 31:39 | Scout Tower |
| 31:47 | Blizzard |
| 32:13 | Scout Tower |
| 32:13 | Scout Tower |
| 32:14 | Scout Tower |
| 32:16 | Scout Tower |
| 32:16 | Scout Tower |
| 32:17 | Scout Tower |
| 32:21 | Guard Tower |
| 32:23 | Guard Tower |
| 32:30 | Scout Tower |
| 32:31 | Scout Tower |
| 32:35 | Scout Tower |
| 32:35 | Scout Tower |
| Right click | 1258 |
| Select | 368 |
| Build/train/purchase | 116 |
| Select group | 90 |
| Resource trade | 44 |
| Use ability | 17 |
| Minimap ping | 10 |
| Assign group | 4 |
| Misc. action | 3 |
| Remove unit | 3 |
| Item give/drop | 1 |
| Esc | 1 |
151 units @ 24.8k
/ 4.3k
115 buildings @ 18.1k
/ 8.4k

| Potion of Healing | 1 | 150 |
| Orb of Lightning | 1 | 375 |
| total: | 2 | 525g |
| Peon | 10 | 750 | / | 0 |
| Troll Batrider | 18 | 2880 | / | 720 |
| Demolisher | 8 | 1760 | / | 400 |
| Wind Rider | 4 | 1060 | / | 160 |
| Goblin Shredder | 1 | 375 | / | 100 |
| total: | 41 | 6825g | / | 1380w |
| Watch Tower | 24 | 2640 | / | 1920 |
| Altar of Storms | 1 | 180 | / | 50 |
| Orc Burrow | 7 | 1120 | / | 280 |
| Barracks | 2 | 360 | / | 100 |
| War Mill | 1 | 205 | / | 0 |
| Voodoo Lounge | 2 | 260 | / | 60 |
| Great Hall | 4 | 1540 | / | 740 |
| Beastiary | 5 | 725 | / | 700 |
| Tauren Totem | 1 | 135 | / | 155 |
| Stronghold | 3 | 945 | / | 570 |
| Fortress | 2 | 650 | / | 380 |
| total: | 47 | 7165g | / | 4005w |
| 0:12 | Peon |
| 0:12 | Peon |
| 0:15 | Altar of Storms |
| 0:31 | Orc Burrow |
| 0:44 | Peon |
| 0:44 | Peon |
| 1:03 | Barracks |
| 1:10 | Peon |
| 1:10 | Peon |
| 1:20 | War Mill |
| 1:48 | Peon |
| 2:14 | Orc Burrow |
| 2:20 | Voodoo Lounge |
| 2:24 | Peon |
| 2:26 | Wind Walk |
| 2:39 | Peon |
| 2:47 | Orc Burrow |
| 3:07 | Peon |
| 3:33 | Stronghold |
| 3:59 | Steel Ranged Weapons |
| 4:05 | Steel Armor |
| 4:27 | Orc Burrow |
| 5:06 | Mirror Image |
| 5:25 | Orc Burrow |
| 5:30 | Orc Burrow |
| 5:38 | Orc Burrow |
| 6:08 | Fortress |
| 6:17 | Beastiary |
| 6:20 | Beastiary |
| 6:26 | Beastiary |
| 6:47 | Troll Regeneration |
| 7:24 | Watch Tower |
| 7:26 | Watch Tower |
| 8:00 | Goblin Shredder |
| 8:34 | Potion of Healing |
| 8:36 | Liquid Fire |
| 8:38 | Orb of Lightning |
| 8:56 | Troll Batrider |
| 8:56 | Troll Batrider |
| 8:56 | Troll Batrider |
| 8:56 | Troll Batrider |
| 9:24 | Troll Batrider |
| 9:27 | Troll Batrider |
| 9:39 | Thorium Ranged Weapons |
| 10:17 | Troll Batrider |
| 11:06 | Troll Batrider |
| 11:28 | Arcanite Ranged Weapons |
| 11:29 | Thorium Armor |
| 12:17 | Great Hall |
| 12:22 | Great Hall |
| 12:41 | Troll Batrider |
| 13:05 | Watch Tower |
| 13:06 | Watch Tower |
| 13:09 | Watch Tower |
| 13:10 | Watch Tower |
| 13:12 | Watch Tower |
| 13:16 | Watch Tower |
| 14:21 | Tauren Totem |
| 14:23 | Burning Oil |
| 14:24 | Demolisher |
| 14:24 | Demolisher |
| 14:24 | Demolisher |
| 14:25 | Demolisher |
| 15:02 | Reinforced Defenses |
| 15:26 | Watch Tower |
| 15:27 | Watch Tower |
| 15:32 | Watch Tower |
| 15:33 | Watch Tower |
| 15:33 | Watch Tower |
| 16:33 | Spiked Barricades |
| 16:35 | Arcanite Armor |
| 16:41 | Pulverize |
| 17:18 | Demolisher |
| 18:43 | Critical Strike |
| 20:04 | Wind Rider |
| 20:04 | Wind Rider |
| 20:05 | Wind Rider |
| 20:05 | Wind Rider |
| 20:34 | Great Hall |
| 20:41 | Stronghold |
| 20:51 | Great Hall |
| 22:12 | Watch Tower |
| 22:14 | Watch Tower |
| 22:15 | Watch Tower |
| 22:16 | Watch Tower |
| 22:18 | Watch Tower |
| 22:19 | Watch Tower |
| 22:20 | Watch Tower |
| 22:21 | Watch Tower |
| 22:22 | Watch Tower |
| 22:26 | Watch Tower |
| 22:28 | Watch Tower |
| 23:39 | Stronghold |
| 24:28 | Steel Melee Weapons |
| 24:35 | Pillage |
| 25:41 | Barracks |
| 26:00 | Fortress |
| 26:01 | Thorium Melee Weapons |
| 26:09 | Beastiary |
| 26:18 | Beastiary |
| 27:40 | Demolisher |
| 27:40 | Demolisher |
| 27:41 | Demolisher |
| 28:46 | Voodoo Lounge |
| 30:07 | Troll Batrider |
| 30:07 | Troll Batrider |
| 30:08 | Troll Batrider |
| 30:08 | Troll Batrider |
| 30:08 | Troll Batrider |
| 30:08 | Troll Batrider |
| 30:08 | Troll Batrider |
| 30:08 | Troll Batrider |
| 30:08 | Troll Batrider |
| Right click | 954 |
| Select | 484 |
| Build/train/purchase | 83 |
| Misc. action | 77 |
| Esc | 3 |
| Use ability | 2 |
| Remove unit | 2 |


| Potion of Healing | 3 | 450 |
| Orb of Corruption | 1 | 375 |
| Scroll of Healing | 1 | 250 |
| total: | 5 | 1075g |
| Acolyte | 13 | 975 | / | 0 |
| Ghoul | 4 | 480 | / | 0 |
| Crypt Fiend | 5 | 1075 | / | 200 |
| Gargoyle | 9 | 1575 | / | 270 |
| Meat Wagon | 6 | 1380 | / | 300 |
| Frost Wyrm | 4 | 1540 | / | 480 |
| Goblin Shredder | 1 | 375 | / | 100 |
| total: | 42 | 7400g | / | 1350w |
| Nerubian Tower | 2 | 200 | / | 40 |
| Spirit Tower | 6 | 870 | / | 240 |
| Ziggurat | 14 | 2100 | / | 700 |
| Crypt | 2 | 400 | / | 100 |
| Altar of Darkness | 1 | 180 | / | 50 |
| Graveyard | 1 | 215 | / | 0 |
| Tomb of Relics | 2 | 260 | / | 60 |
| Necropolis | 1 | 225 | / | 0 |
| Slaughterhouse | 2 | 280 | / | 270 |
| Boneyard | 2 | 350 | / | 400 |
| Halls of the Dead | 2 | 640 | / | 420 |
| Black Citadel | 2 | 650 | / | 460 |
| total: | 25 | 4010g | / | 1580w |
| 0:07 | Acolyte |
| 0:07 | Acolyte |
| 0:07 | Acolyte |
| 0:55 | Ziggurat |
| 1:00 | Crypt |
| 1:08 | Altar of Darkness |
| 1:15 | Graveyard |
| 1:20 | Ziggurat |
| 1:45 | Ziggurat |
| 2:05 | Ghoul |
| 2:06 | Ghoul |
| 2:06 | Ghoul |
| 2:08 | Ghoul |
| 2:25 | Tomb of Relics |
| 2:35 | Nerubian Tower |
| 2:53 | Crypt Fiend |
| 3:14 | Crypt Fiend |
| 3:19 | Carrion Beetles |
| 3:31 | Spirit Tower |
| 4:01 | Crypt Fiend |
| 4:34 | Halls of the Dead |
| 4:44 | Crypt Fiend |
| 5:28 | Ziggurat |
| 5:39 | Crypt Fiend |
| 6:00 | Spiked Carapace |
| 6:55 | Acolyte |
| 6:55 | Acolyte |
| 6:56 | Acolyte |
| 6:56 | Acolyte |
| 6:57 | Acolyte |
| 7:04 | Carrion Beetles |
| 7:26 | Web |
| 7:28 | Burrow |
| 8:03 | Spirit Tower |
| 8:05 | Creature Attack |
| 8:06 | Creature Carapace |
| 8:15 | Crypt |
| 8:25 | Potion of Healing |
| 8:25 | Potion of Healing |
| 8:36 | Death Coil |
| 9:08 | Black Citadel |
| 9:29 | Spiked Carapace |
| 9:41 | Ziggurat |
| 9:45 | Ziggurat |
| 9:53 | Ziggurat |
| 10:28 | Unholy Aura |
| 11:04 | Improved Creature Attack |
| 11:04 | Improved Creature Carapace |
| 11:10 | Spirit Tower |
| 11:12 | Nerubian Tower |
| 11:15 | Gargoyle |
| 11:15 | Gargoyle |
| 11:15 | Gargoyle |
| 11:15 | Gargoyle |
| 11:18 | Gargoyle |
| 11:18 | Gargoyle |
| 13:01 | Death Coil |
| 13:21 | Gargoyle |
| 13:21 | Gargoyle |
| 13:21 | Gargoyle |
| 13:23 | Advanced Creature Attack |
| 13:31 | Carrion Beetles |
| 14:03 | Slaughterhouse |
| 14:13 | Stone Form |
| 14:35 | Slaughterhouse |
| 14:45 | Scroll of Healing |
| 14:49 | Orb of Corruption |
| 14:50 | Potion of Healing |
| 15:28 | Goblin Shredder |
| 16:24 | Spirit Tower |
| 17:24 | Necropolis |
| 18:03 | Destroyer Form |
| 18:13 | Meat Wagon |
| 18:15 | Meat Wagon |
| 19:53 | Acolyte |
| 19:53 | Acolyte |
| 19:53 | Acolyte |
| 19:53 | Acolyte |
| 19:55 | Acolyte |
| 20:00 | Ziggurat |
| 20:02 | Ziggurat |
| 20:05 | Ziggurat |
| 20:08 | Ziggurat |
| 20:13 | Ziggurat |
| 20:15 | Ziggurat |
| 20:18 | Ziggurat |
| 20:20 | Tomb of Relics |
| 20:40 | Unholy Aura |
| 21:27 | Spirit Tower |
| 21:29 | Spirit Tower |
| 23:47 | Unholy Strength |
| 23:48 | Unholy Armor |
| 24:19 | Halls of the Dead |
| 26:05 | Meat Wagon |
| 26:05 | Meat Wagon |
| 26:05 | Meat Wagon |
| 26:06 | Meat Wagon |
| 28:01 | Black Citadel |
| 30:41 | Boneyard |
| 30:44 | Boneyard |
| 32:41 | Frost Wyrm |
| 32:41 | Frost Wyrm |
| 32:41 | Frost Wyrm |
| 32:41 | Frost Wyrm |
| Right click | 548 |
| Select | 249 |
| Build/train/purchase | 91 |
| Select group | 88 |
| Use ability | 21 |
| Resource trade | 19 |
| Assign group | 18 |
| Misc. action | 4 |
| Item give/drop | 4 |
| Remove unit | 1 |

| Rod of Necromancy | 3 | 450 |
| Sacrificial Skull | 1 | 50 |
| Potion of Mana | 2 | 400 |
| Potion of Healing | 4 | 600 |
| Orb of Corruption | 1 | 375 |
| Scroll of Town Portal | 1 | 350 |
| Boots of Speed | 1 | 250 |
| Staff of Teleportation | 1 | 150 |
| total: | 14 | 2625g |
| Acolyte | 7 | 525 | / | 0 |
| Ghoul | 21 | 2520 | / | 0 |
| Meat Wagon | 3 | 690 | / | 150 |
| Abomination | 9 | 2160 | / | 630 |
| total: | 40 | 5895g | / | 780w |
| Nerubian Tower | 2 | 200 | / | 40 |
| Spirit Tower | 9 | 1305 | / | 360 |
| Graveyard | 1 | 215 | / | 0 |
| Crypt | 2 | 400 | / | 100 |
| Altar of Darkness | 1 | 180 | / | 50 |
| Ziggurat | 13 | 1950 | / | 650 |
| Tomb of Relics | 1 | 130 | / | 30 |
| Necropolis | 1 | 225 | / | 0 |
| Slaughterhouse | 2 | 280 | / | 270 |
| Halls of the Dead | 2 | 640 | / | 420 |
| Black Citadel | 1 | 325 | / | 230 |
| total: | 21 | 3380g | / | 1100w |
| 0:05 | Acolyte |
| 0:05 | Acolyte |
| 0:12 | Graveyard |
| 0:18 | Crypt |
| 0:43 | Altar of Darkness |
| 0:59 | Ziggurat |
| 1:16 | Tomb of Relics |
| 1:25 | Ghoul |
| 1:25 | Ghoul |
| 1:37 | Ghoul |
| 1:56 | Ziggurat |
| 2:05 | Ghoul |
| 2:05 | Ghoul |
| 2:21 | Ghoul |
| 2:49 | Vampiric Aura |
| 2:50 | Rod of Necromancy |
| 2:52 | Nerubian Tower |
| 3:08 | Sacrificial Skull |
| 3:30 | Acolyte |
| 3:32 | Cannibalize |
| 3:32 | Unholy Armor |
| 4:48 | Necropolis |
| 4:49 | Ziggurat |
| 5:07 | Carrion Swarm |
| 5:10 | Ghoul |
| 5:10 | Ghoul |
| 5:38 | Rod of Necromancy |
| 5:48 | Nerubian Tower |
| 5:49 | Ziggurat |
| 6:05 | Boots of Speed |
| 6:07 | Staff of Teleportation |
| 6:37 | Carrion Swarm |
| 6:50 | Halls of the Dead |
| 7:07 | Ziggurat |
| 7:25 | Unholy Strength |
| 7:30 | Potion of Mana |
| 7:34 | Potion of Healing |
| 7:42 | Spirit Tower |
| 7:48 | Spirit Tower |
| 7:48 | Acolyte |
| 7:48 | Acolyte |
| 7:49 | Acolyte |
| 7:49 | Acolyte |
| 8:29 | Ziggurat |
| 9:15 | Black Citadel |
| 9:22 | Slaughterhouse |
| 9:25 | Slaughterhouse |
| 9:37 | Rod of Necromancy |
| 10:02 | Improved Unholy Strength |
| 10:07 | Spirit Tower |
| 10:09 | Ziggurat |
| 10:44 | Meat Wagon |
| 10:46 | Improved Unholy Armor |
| 10:55 | Ghoul |
| 10:55 | Ghoul |
| 10:55 | Ghoul |
| 10:55 | Ghoul |
| 10:56 | Ghoul |
| 11:46 | Ghoul |
| 11:46 | Ghoul |
| 11:52 | Ghoul Frenzy |
| 12:23 | Vampiric Aura |
| 12:27 | Abomination |
| 12:30 | Ghoul |
| 12:30 | Ghoul |
| 12:31 | Ghoul |
| 13:09 | Abomination |
| 13:36 | Disease Cloud |
| 14:17 | Abomination |
| 14:33 | Carrion Swarm |
| 14:52 | Abomination |
| 14:56 | Potion of Healing |
| 15:00 | Potion of Healing |
| 15:00 | Potion of Mana |
| 15:01 | Scroll of Town Portal |
| 15:02 | Orb of Corruption |
| 15:09 | Advanced Unholy Strength |
| 15:59 | Abomination |
| 16:02 | Advanced Unholy Armor |
| 16:48 | Crypt |
| 16:50 | Ziggurat |
| 16:57 | Ghoul |
| 16:57 | Ghoul |
| 19:11 | Abomination |
| 19:14 | Ghoul |
| 20:20 | Spirit Tower |
| 20:23 | Ziggurat |
| 20:24 | Ziggurat |
| 20:34 | Abomination |
| 21:41 | Potion of Healing |
| 22:25 | Spirit Tower |
| 22:40 | Ziggurat |
| 23:02 | Abomination |
| 23:04 | Abomination |
| 23:06 | Meat Wagon |
| 23:52 | Ziggurat |
| 24:28 | Ziggurat |
| 24:30 | Spirit Tower |
| 26:45 | Meat Wagon |
| 28:08 | Spirit Tower |
| Right click | 722 |
| Select | 437 |
| Build/train/purchase | 126 |
| Select group | 104 |
| Misc. action | 72 |
| Chat | 33 |
| Use ability | 20 |
| Resource trade | 18 |
| Assign group | 17 |
| Item give/drop | 3 |
| Minimap ping | 1 |


| Rod of Necromancy | 5 | 750 |
| Potion of Healing | 1 | 150 |
| Orb of Corruption | 1 | 375 |
| Dust of Appearance | 1 | 75 |
| Scroll of Town Portal | 2 | 700 |
| Periapt of Vitality | 1 | 325 |
| Robe of the Magi +6 | 1 | 400 |
| Ring of Regeneration | 1 | 300 |
| total: | 13 | 3075g |
| Acolyte | 8 | 600 | / | 0 |
| Ghoul | 7 | 840 | / | 0 |
| Crypt Fiend | 8 | 1720 | / | 320 |
| Obsidian Statue | 2 | 400 | / | 70 |
| Frost Wyrm | 3 | 1155 | / | 360 |
| total: | 28 | 4715g | / | 750w |
| Spirit Tower | 1 | 145 | / | 40 |
| Crypt | 2 | 400 | / | 100 |
| Altar of Darkness | 1 | 180 | / | 50 |
| Ziggurat | 10 | 1500 | / | 500 |
| Tomb of Relics | 1 | 130 | / | 30 |
| Graveyard | 1 | 215 | / | 0 |
| Necropolis | 1 | 225 | / | 0 |
| Slaughterhouse | 2 | 280 | / | 270 |
| Sacrificial Pit | 1 | 75 | / | 150 |
| Boneyard | 3 | 525 | / | 600 |
| Halls of the Dead | 1 | 320 | / | 210 |
| Black Citadel | 1 | 325 | / | 230 |
| total: | 22 | 3530g | / | 1700w |
| 0:03 | Acolyte |
| 0:04 | Acolyte |
| 0:18 | Crypt |
| 0:21 | Altar of Darkness |
| 0:35 | Ziggurat |
| 1:05 | Tomb of Relics |
| 1:21 | Ghoul |
| 1:34 | Ghoul |
| 2:05 | Graveyard |
| 2:08 | Ghoul |
| 2:12 | Ziggurat |
| 2:28 | Death Coil |
| 2:31 | Rod of Necromancy |
| 2:31 | Rod of Necromancy |
| 2:36 | Ghoul |
| 2:36 | Ghoul |
| 2:36 | Ghoul |
| 3:12 | Ghoul |
| 3:57 | Halls of the Dead |
| 3:59 | Crypt Fiend |
| 3:59 | Crypt Fiend |
| 4:28 | Ziggurat |
| 4:40 | Unholy Aura |
| 4:57 | Ziggurat |
| 5:00 | Rod of Necromancy |
| 5:53 | Crypt Fiend |
| 5:54 | Crypt Fiend |
| 5:58 | Ziggurat |
| 6:00 | Crypt Fiend |
| 6:22 | Death Coil |
| 7:05 | Black Citadel |
| 7:07 | Slaughterhouse |
| 7:31 | Potion of Healing |
| 7:37 | Rod of Necromancy |
| 7:40 | Frost Nova |
| 8:09 | Dust of Appearance |
| 9:35 | Crypt |
| 9:36 | Obsidian Statue |
| 9:45 | Frost Armor |
| 10:05 | Ziggurat |
| 10:09 | Web |
| 10:11 | Orb of Corruption |
| 10:12 | Scroll of Town Portal |
| 10:34 | Rod of Necromancy |
| 10:49 | Obsidian Statue |
| 10:51 | Unholy Aura |
| 11:12 | Crypt Fiend |
| 11:21 | Creature Carapace |
| 12:24 | Burrow |
| 12:26 | Creature Attack |
| 12:50 | Improved Creature Carapace |
| 13:03 | Frost Nova |
| 13:13 | Crypt Fiend |
| 13:50 | Improved Creature Attack |
| 15:02 | Death Coil |
| 15:11 | Robe of the Magi +6 |
| 15:26 | Ring of Regeneration |
| 15:42 | Periapt of Vitality |
| 15:55 | Advanced Creature Carapace |
| 15:58 | Advanced Creature Attack |
| 16:19 | Frost Armor |
| 17:05 | Crypt Fiend |
| 20:00 | Slaughterhouse |
| 20:37 | Boneyard |
| 20:38 | Boneyard |
| 20:40 | Boneyard |
| 21:33 | Ziggurat |
| 21:35 | Ziggurat |
| 21:36 | Ziggurat |
| 21:52 | Scroll of Town Portal |
| 22:04 | Ziggurat |
| 22:23 | Frost Nova |
| 23:55 | Frost Wyrm |
| 24:00 | Necropolis |
| 24:30 | Acolyte |
| 24:30 | Acolyte |
| 24:30 | Acolyte |
| 24:30 | Acolyte |
| 24:30 | Acolyte |
| 24:30 | Acolyte |
| 25:52 | Sacrificial Pit |
| 27:36 | Freezing Breath |
| 27:55 | Frost Wyrm |
| 29:23 | Spirit Tower |
| 29:27 | Frost Wyrm |
| Right click | 943 |
| Select group | 713 |
| Select | 286 |
| Build/train/purchase | 109 |
| Use ability | 50 |
| Assign group | 36 |
| Misc. action | 26 |
| Item give/drop | 7 |
| Remove unit | 3 |
| Minimap ping | 1 |
⇛